Map: Ancient Cistern LE

Players

Oevmzqlmvp

  • Race: Zerg Zerg
  • League: Diamond
  • Spawn Location: 7:00

VeRITate - Winner!

  • Race: Protoss Protoss
  • League: Diamond
  • Spawn Location: 1:00

VOD

Have the link to the VOD?

Description

Time

  • Played on: April 23, 2023, 9:53 p.m.
  • Length: 9:42
Show
View Real Time Build Order
Export as new Build Order

Oevmzqlmvp Zerg 

Build Orders: Hatch First 

Get SALT Encoding   

  12  0:00  Drone  
  13  0:13  Overlord  
  13  0:17  Drone  
  14  0:32  Drone x2  
  16  0:49  Hatchery  
  15  0:52  Drone  
  15  0:56  Drone  
  17  1:00  Drone  
  18  1:11  Extractor  
  17  1:15  Spawning Pool  
  16  1:19  Drone  
  16  1:22  Drone  
  18  1:31  Drone  
  19  1:42  Drone  
  20  1:51  Drone  
  21  2:02  Drone x2  
  21  2:03  Queen x2  
  27  2:19  Hatchery  
  27  2:21  Overlord  
  26  2:28  Drone  
  26  2:29  Drone  
  28  2:30  Metabolic Boost  
  28  2:45  Drone x2  
  28  2:46  Drone x3  
  33  2:52  Queen  
  33  2:57  Zergling x2  
  36  3:00  Overlord  
  36  3:07  Overlord  
  36  3:22  Zergling x4  
  38  3:28  Drone x3  
  38  3:29  Drone x3  
  44  3:35  Queen  
  46  3:52  Drone  
  46  3:53  Drone x6  
  52  3:57  Extractor  
  52  3:59  Extractor  
  50  4:03  Drone x4  
  50  4:04  Overlord  
  54  4:16  Lair  
  54  4:17  Queen  
  56  4:34  Overlord  
  56  4:35  Drone x2  
  56  4:38  Spore Crawler  
  57  4:40  Spore Crawler  
  57  4:45  Queen  
  56  4:48  Extractor  
  57  5:00  Drone x8  
  57  5:01  Drone x3  
  57  5:02  Overlord x2  
  68  5:08  Roach Warren  
  67  5:15  Overlord x2  
  67  5:17  Overseer  
  67  5:18  Overseer  
  66  5:32  Zergling x2  
  67  5:40  Spine Crawler  
  65  5:48  Roach  
  65  5:49  Zergling x6  
  67  5:50  Zergling x4  
  67  5:51  Zergling x2  
  67  5:52  Zergling x2  
  67  5:53  Zergling x2  
  67  5:54  Zergling x14  
  63  6:04  Zergling x2  
  63  6:05  Zergling x2, Queen  
  63  6:06  Queen  
  63  6:11  Roach  
  70  6:12  Zergling x2  
  70  6:17  Roach  
  64  6:18  Spine Crawler  
  64  6:22  Roach x3  
  64  6:23  Roach  
  64  6:25  Roach  
  67  6:30  Drone x4  
  70  6:34  Drone x2  
  70  6:39  Glial Reconstitution  
  70  6:41  Queen x2  
  70  6:42  Drone  
  75  6:47  Spine Crawler  
  75  6:48  Drone x4  
  75  6:49  Drone  
  79  7:09  Evolution Chamber  
  79  7:13  Drone x2  
  80  7:16  Overlord x2  
  80  7:20  Extractor  
  79  7:24  Roach  
  79  7:25  Roach, Extractor  
  82  7:30  Pneumatized Carapace  
  82  7:35  Evolution Chamber  
  81  7:37  Overseer  
  81  7:46  Drone x5  
  81  7:47  Drone x6  
  81  7:50  Roach  
  93  7:55  Roach  
  93  7:56  Drone x5  
  93  7:58  Roach  
  102  8:03  Roach, Zergling x2  
  105  8:05  Roach  
  105  8:08  Roach  
  105  8:10  Zergling x2  
  110  8:12  Roach  
  110  8:13  Ravager x2  
  110  8:16  Roach  
  110  8:17  Zergling x2  
  106  8:20  Zergling x2  
  106  8:25  Zergling x2  
  106  8:26  Roach  
  97  8:30  Zergling x2  
  97  8:32  Queen x2  
  97  8:33  Roach  
  96  8:35  Zergling x2, Drone  
  96  8:39  Zergling x2  
  96  8:41  Zergling x2  
  91  8:42  Zergling x2  
  91  8:43  Zergling x2  
  91  8:45  Roach  
  91  8:46  Zergling x2  
  91  8:47  Zergling x2, Queen  
  89  8:55  Hydralisk Den  
  75  8:56  Zergling x2  
  75  9:00  Roach  
  75  9:01  Roach  
  75  9:08  Roach  
  69  9:10  Roach  
  69  9:11  Roach  
  67  9:18  Roach  
  67  9:22  Roach  
Show
View Real Time Build Order
Export as new Build Order

VeRITate Protoss - Winner!

Build Orders: 1 Gate Expand, Chargelot Immortal 

Get SALT Encoding   

  12  0:02  Probe  
  13  0:14  Probe  
  14  0:25  Pylon  
  14  0:28  Probe  
  15  0:43  Probe (Chrono Boost)  
  15  0:46  Gateway  
  16  0:50  Assimilator  
  16  0:55  Probe (Chrono Boost)  
  17  1:01  Probe (Chrono Boost)  
  18  1:09  Probe  
  19  1:21  Probe  
  20  1:32  Nexus  
  20  1:48  Cybernetics Core  
  20  1:52  Cybernetics Core  
  20  1:53  Probe  
  21  1:57  Pylon  
  21  2:19  Assimilator  
  21  2:25  Adept (Chrono Boost)  
  21  2:29  Warp Gate  
  23  2:33  Twilight Council  
  23  2:38  Gateway  
  23  2:40  Shield Battery  
  23  2:42  Probe  
  24  2:50  Probe, Stalker (Chrono Boost)  
  25  2:57  Probe  
  28  3:03  Probe, Resonating Glaives (Chrono Boost)  
  29  3:17  Adept, Probe  
  29  3:18  Probe  
  33  3:26  Gateway  
  33  3:29  Probe  
  34  3:43  Probe x2  
  36  3:49  Robotics Facility  
  36  3:55  Probe x2  
  36  4:05  Pylon  
  36  4:07  Probe, Gateway  
  36  4:08  Probe  
  38  4:18  Adept x2  
  38  4:19  Probe  
  38  4:23  Probe  
  44  4:29  Pylon, Adept  
  46  4:31  Probe  
  46  4:33  Warp Prism (Chrono Boost)  
  49  4:39  Adept  
  49  4:41  Adept  
  53  4:46  Probe  
  53  4:50  Stalker  
  56  4:55  Pylon  
  56  5:00  Immortal (Chrono Boost)  
  56  5:05  Charge  
  60  5:24  Adept x4  
  68  5:44  Immortal (Chrono Boost)  
  68  5:45  Pylon  
  68  5:46  Pylon  
  68  5:51  Adept  
  68  6:02  Probe  
  68  6:03  Nexus  
  69  6:07  Adept x3  
  69  6:09  Gateway  
  71  6:20  Immortal (Chrono Boost)  
  65  6:30  Stalker x2  
  67  6:33  Assimilator x2, Probe x2  
  67  6:42  Pylon  
  67  6:45  Probe x2  
  65  6:56  Zealot x2  
  65  6:57  Zealot x2  
  65  6:58  Probe  
  74  7:05  Forge  
  74  7:06  Gateway  
  74  7:12  Adept  
  76  7:17  Adept x3  
  76  7:21  Zealot  
  84  7:27  Immortal (Chrono Boost)  
  84  7:35  Probe x3  
  91  7:52  Zealot  
  91  7:53  Zealot x4  
  91  7:57  Dark Shrine  
  97  8:01  Protoss Ground Weapons Level 1 (Chrono Boost)  
  93  8:18  Zealot x4  
  93  8:19  Zealot x2  
  91  8:29  Probe x3  
  82  8:41  Probe x3  
  82  8:43  Zealot x3  
  85  8:53  Zealot  
  85  8:54  Zealot x2  
  91  9:08  Zealot x3  
  97  9:16  Forge  
  97  9:18  Dark Templar x3  
  101  9:33  Dark Templar x3  
Tags
 
Add a new tag
Caveats
  • Supply blocks, unpowered buildings, or Contaminate may cause inaccurate times.
  • Supply counts are checked every 10 seconds.